 Dungeon Sprint DCSS version 0.31-a0-931-g7b59d4eb97 (webtiles) character file.

Game seed: 8367007946438898231

90 rocky1 the Basher (level 8, -11/56 HPs)
             Began as a Gargoyle Gladiator on Oct 20, 2023.
             Was an Initiate of Gozag.
             Mangled by a black mamba (12 damage)
             ... in the Dungeon (Sprint VI: "Thunderdome").
             The game lasted 00:04:12 (487 turns).

rocky1 the Basher (Gargoyle Gladiator)               Turns: 487, Time: 00:04:14

Health: -11/56     AC: 13    Str: 20    XL:     8   Next: 33%
Magic:  8/8        EV: 15    Int:  9    God:    Gozag
Gold:   679        SH:  0    Dex: 14    Spells: 7/7 levels left

rFire   . . .        a - +0 flail
rCold   + . .        (no shield)
rNeg    + + .        b - +0 leather armour
rPois   ∞            c - +0 helmet
rElec   +            t - +0 cloak
rCorr   +            r - +0 pair of gloves
SInv    +            (no boots)
Will    +++..        s - amulet "Huwkol" {RegenMP rPois rN+ Will+}
Stlth   ++           u - ring of the Shrike {rPois rC+ SInv Stlth+}
HPRegen 0.29/turn    w - ring of Imez {rElec Will++ rCorr Dex+3}
MPRegen 0.51/turn

%: no teleportation
@: gold aura, on berserk cooldown, slowed, very slow
A: sickness immunity, AC +5, negative energy resistance 1, electricity
resistance, torment resistance 1, petrification resistance
a: Renounce Religion, Potion Petition, Call Merchant, Bribe Branch


You were in the Dungeon.
You worshipped Gozag.
Gozag was pleased with you.
You visited 1 branch You collected 1057 gold pieces.
You spent 378 gold pieces at shops.

Inventory:

Hand Weapons
 a - a +0 flail (weapon)
Missiles
 d - 3 throwing nets
 e - a javelin
 p - 5 poisoned darts
 q - a curare-tipped dart
Armour
 b - a +0 leather armour (worn)
 c - a +0 helmet (worn)
 r - a +0 pair of gloves (worn)
 t - a +0 cloak (worn)
Jewellery
 s - the amulet "Huwkol" (around neck) {RegenMP rPois rN+ Will+}
   (You bought it in a shop in the Dungeon)

   [amulet of magic regeneration]

   RegenMP:   It increases your rate of magic regeneration.
   rPois:     It protects you from poison rN+: It protects you from negative
   energy.
   Will+:     It increases your willpower.
 u - the ring of the Shrike (left hand) {rPois rC+ SInv Stlth+}
   (You bought it in a shop in the Dungeon)

   [ring of see invisible]

   rC+:       It protects you from cold.
   rPois:     It protects you from poison SInv: It lets you see invisible.
   Stlth+:    It makes you more stealthy.
 w - the ring of Imez (right hand) {rElec Will++ rCorr Dex+3}
   (You bought it in a shop in the Dungeon)

   [ring of resist corrosion]

   Dex+3:     It affects your dexterity (+3).
   rElec:     It insulates you from electricity.
   Will++:    It greatly increases your willpower.
   rCorr:     It protects you from acid and corrosion.
Scrolls
 k - 3 scrolls of blinking
 o - 3 scrolls of fog
Potions
 f - a potion of curing
 g - 3 potions of heal wounds
 h - 4 potions of haste
 i - 2 potions of magic
 l - a potion of resistance


   Skills:
 + Level 9.1 Fighting
 * Level 11.7 Maces & Flails
 - Level 1.7 Throwing
 + Level 8.7 Armour
 + Level 7.2 Dodging


You had 7 spell levels left.
You didn't know any spells.
Your spell library was empty.

Dungeon Overview and Level Annotations

Branches:
Dungeon (1/1)

Altars:
Cheibriados
Dithmenos
Fedhas
Gozag
Kikubaaqudgha
Makhleb
Okawaru
Qazlal
Ru
Sif Muna
Trog
Uskayaw
Vehumet
Wu Jian
Xom
Yredelemnul
Zin
The Shining One
Lugonu

Shops:
D *[=??*?*:[((!!!!


Innate Abilities, Weirdness & Mutations

You are immune to sickness and miasma.
Your stone body is resilient. (AC +5)
You are immune to poison.
You resist negative energy. (rN+)
You are resistant to electric shocks. (rElec)
You are resistant to unholy torment.
You are immune to petrification.


Message History

The death yak is severely wounded.
You sock the death yak!
The death yak is almost dead.
The death yak closely misses you. The yak closely misses you.
You sock the death yak!
The death yak is almost dead.
You hit the death yak.
The death yak is almost dead.
The death yak barely misses you.
The yak snorts and paws the ground.
The yak gores you!
You hit the death yak.
You kill the death yak!
The yak barely misses you.
Your Fighting skill gained 2 levels and is now at level 9!
Your Maces & Flails skill increases to level 11!
Your Armour skill increases to level 8!
Your Dodging skill increases to level 7!
You have reached level 8!
You feel clever.
You miss the black mamba. The black mamba barely misses you.
You barely miss the black mamba. The black mamba misses you. The yak gores you.
You hit the black mamba.
The black mamba is lightly wounded.
You are no longer berserk.
You are exhausted.
You feel yourself slow down. The black mamba closely misses you.
You sock the black mamba!
The black mamba is moderately wounded.
The black mamba closely misses you. The yak gores you!
The black mamba misses you. The yak gores you but does no damage.
The black mamba bites you!
* * * LOW HITPOINT WARNING * * *
You sock the black mamba! You punch the black mamba.
The black mamba is heavily wounded.
The black mamba bites you!
* * * LOW HITPOINT WARNING * * *
The yak closely misses you. The black mamba bites you!
You die...
Your body crumbles into a pile of gold.

##.)...## ##∩.....∩##
#∩.......∩# #_..)...._#
#_......._# #_......._#
###.........### #⌠)....Y.....⌠#
######.8)...S@...8.######
##∩___......###.......__∩##
###∩........8.# #.8........∩###
#.............###.............##
⌠..........###...###..........⌠#
⌠..........# #.<.# #..........⌠#
⌠..........###...###..........⌠#
#.............###.............##
###∩........8.# #.8........∩###


You could see a black mamba and a yak.

Vanquished Creatures
  A death yak (D)
  A rust devil (D)
  2 kobold brigands (D)
  2 jellies (D)
  An iron imp (D)
  4 endoplasms (D)
  A goblin (D)
  A hobgoblin (D)
  A kobold (D)
14 creatures vanquished.

Notes
Turn   | Place    | Note
-------+----------+-------------------------------------------
     0 | D        | rocky1 the Gargoyle Gladiator began the quest for the Orb.
     0 | D        | Reached XP level 1. HP: 12/12 MP: 1/1
     3 | D        | Found a blossoming altar of Fedhas.
     4 | D        | Found a snail-covered altar of Cheibriados.
     5 | D        | Found a glowing silver altar of Zin.
     5 | D        | Found an opulent altar of Gozag.
     5 | D        | Round 1.
     6 | D        | Found a bloodstained altar of Trog.
     6 | D        | Found a radiant altar of Vehumet.
     6 | D        | Found Kagoss's Staff Store.
     6 | D        | Found Rehor's Magic Scroll Shop.
     7 | D        | Found Cujel's Must-Have Magic.
     7 | D        | Found Poliyh Xenlu's Magic Scroll Shop.
     8 | D        | Noticed a kobold brigand
    11 | D        | Killed a kobold brigand
    12 | D        | Reached skill level 5 in Maces & Flails
    12 | D        | Reached XP level 2. HP: 20/20 MP: 2/2
    12 | D        | Reached XP level 3. HP: 24/24 MP: 3/3
    12 | D        | Reached XP level 4. HP: 30/30 MP: 4/4
    12 | D        | Found a shadowy altar of Dithmenos.
    13 | D        | Found a shimmering blue altar of Sif Muna.
    17 | D        | Became a worshipper of Gozag Ym Sagoz the Greedy
    31 | D        | Noticed a kobold brigand
    47 | D        | Killed a kobold brigand
    48 | D        | Reached skill level 5 in Fighting
    48 | D        | Reached skill level 6 in Maces & Flails
    48 | D        | Reached XP level 5. HP: 34/35 MP: 5/5
    52 | D        | Reached skill level 7 in Maces & Flails
    71 | D        | Found a hide-covered altar of Uskayaw.
    73 | D        | Found Hipnyd's Timeless Talismans.
    75 | D        | Found Tat Veto's Jewellery.
    75 | D        | Found Juoch's Advanced Armour.
    76 | D        | Found a burning altar of Makhleb.
    76 | D        | Found Keigih's Identification Station.
    88 | D        | Bought a brightly glowing tin amulet for 45 gold pieces
    88 | D        | Identified the amulet of the Heron {RegenMP Str+2} (You
                  | bought it in a shop in the Dungeon)
    88 | D        | Bought a translucent platinum amulet for 45 gold pieces
    88 | D        | Identified the amulet "Huwkol" {RegenMP rPois rN+ Will+}
                  | (You bought it in a shop in the Dungeon)
    88 | D        | Bought a bound golden ring for 45 gold pieces
    88 | D        | Identified the ring of Zasoivu {rPois rF- Str-5 Int+6 SInv}
                  | (You bought it in a shop in the Dungeon)
    88 | D        | Bought an ancient platinum ring for 45 gold pieces
    88 | D        | Identified the ring of the Shrike {rPois rC+ SInv Stlth+}
                  | (You bought it in a shop in the Dungeon)
    94 | D        | Bought a smoking wooden ring for 45 gold pieces
    94 | D        | Identified the ring "Aloegeuke" {Ice Stlth+} (You bought it
                  | in a shop in the Dungeon)
    94 | D        | Bought a smoking turquoise ring for 45 gold pieces
    94 | D        | Identified the ring of Imez {rElec Will++ rCorr Dex+3} (You
                  | bought it in a shop in the Dungeon)
   109 | D        | Arena points: 12 (+12) [x2]
   120 | D        | Found a glowing golden altar of the Shining One.
   121 | D        | Found an iron altar of Okawaru.
   122 | D        | Found a basalt altar of Yredelemnul.
   124 | D        | Found Fefu's Premium Goods.
   126 | D        | Found an ancient bone altar of Kikubaaqudgha.
   126 | D        | Found a shimmering altar of Xom.
   126 | D        | Found a stormy altar of Qazlal.
   126 | D        | Found Meicuss's Weapon Rack.
   127 | D        | Found Feimowk's Miscellaneous Merchandise.
   127 | D        | Found Qaempiosch's Basic Armour.
   141 | D        | Bought a +0 pair of gloves for 54 gold pieces
   141 | D        | Bought a +0 cloak for 54 gold pieces
   154 | D        | Found a sacrificial altar of Ru.
   156 | D        | Found a corrupted altar of Lugonu.
   158 | D        | Found Bisaeh's Do-It-Yourself Clinic.
   160 | D        | Found an ornate altar of the Wu Jian Council.
   160 | D        | Found Zuesyqoe's Distillery.
   161 | D        | Found Wules's Bottled Wisdom.
   161 | D        | Found Vifumueb's Distillery.
   172 | D        | Round 2.
   182 | D        | Reached skill level 5 in Armour
   333 | D        | Arena points: 54 (+42) [x3]
   364 | D        | Round 3.
   365 | D        | Noticed a rust devil
   368 | D        | Noticed a rust devil
   369 | D        | Noticed a rust devil
   387 | D        | Killed a rust devil
   388 | D        | Reached skill level 10 in Maces & Flails
   388 | D        | Reached XP level 6. HP: 36/44 MP: 6/6
   388 | D        | Reached XP level 7. HP: 40/48 MP: 7/7
   391 | D        | Noticed a rust devil
   416 | D        | Arena points: 90 (+36) [x4]
   431 | D        | Round 4.
   455 | D        | Noticed a black mamba
   457 | D        | Noticed a yak
   458 | D        | Noticed a death yak
   482 | D        | Killed a death yak
   483 | D        | Reached skill level 11 in Maces & Flails
   483 | D        | Reached XP level 8. HP: 51/56 MP: 8/8
   487 | D        | HP: 1/56 [black mamba (13)]
   487 | D        | Mangled by a black mamba

Illustrated notes

Levels and vault maps discovered:
D:        arena_sprint

Skill      XL: |  1  2  3  4  5  6  7 |
---------------+----------------------+-----
Fighting       | 4 5 7 9 |  9.1
Maces & Flails | 5 6 10 11 | 11.7
Armour         | 3 4 7 8 |  8.7
Dodging        | 3 4 6 7 |  7.2
Throwing       | |  1.7

Action                     |  1- 3 |  4- 6 |  7- 9 || total
---------------------------+-------+-------+-------++-------
  Melee: Flail             |       |    29 |    30 ||    59
         Punch             |       |       |     3 ||     3
  Evoke: Wand              |     2 |     4 |     4 ||    10
    Use: Potion            |       |       |     2 ||     2
         Scroll            |       |       |     1 ||     1
   Stab: Distracted        |       |     1 |       ||     1
 Armour: Leather armour    |       |    10 |    21 ||    31
  Dodge: Dodged            |     2 |    18 |    24 ||    44

Table legend: (Time is in decaauts)
 A = Elapsed time spent in this place.
 B = Non-inter-level travel time spent in this place.
 C = Inter-level travel time spent in this place.
 D = Time resting spent in this place.
 E = Time spent auto-exploring this place.
 F = Levels seen in this place.
 G = Mean time per level.
                   A        B        C        D        E       F      G
               +--------+--------+--------+--------+--------+-----+--------+
         Total |    479 |    479 |      0 |    122 |     51 |   1 |  479.0 |
       Dungeon |    479 |    479 |      0 |    122 |     51 |   1 |  479.0 |
               +--------+--------+--------+--------+--------+-----+--------+

Top non-repeatable levels by time:
       D: 479 daAuts
